 Dungeon Crawl Stone Soup version 0.29.1-15-g9cfb28693d (webtiles) character file.

Game seed: 10727538004704131044

4 Thatpatchoflichen the Ducker (level 1, -2/18 HPs)
             Began as a Human Monk on Mar 1, 2023.
             Slain by a kobold
             ... wielding a +0 short sword
              (3 damage)
             ... on level 1 of the Dungeon.
             The game lasted 00:00:36 (171 turns).

Thatpatchoflichen the Ducker (Human Monk)            Turns: 171, Time: 00:00:36

Health: -2/18      AC:  2    Str: 11    XL:     1   Next: 66%
Magic:  1/1        EV: 13    Int: 10    God:
Gold:   5          SH:  0    Dex: 15    Spells: 0/0 levels left

rFire   . . .      SeeInvis .   a - +0 falchion
rCold   . . .      Faith    .   (no shield)
rNeg    . . .      Spirit   .   b - +0 robe
rPois   .          Reflect  .   (no helmet)
rElec   .          Harm     .   (no cloak)
rCorr   .          Rampage  .   (no gloves)
Will    .....                   (no boots)
Stlth   ++........              (no amulet)
HPRegen 0.06/turn               (no ring)
MPRegen 0.07/turn               (no ring)

@: no status effects
A: no striking features
a: no special abilities


You were on level 1 of the Dungeon.
You visited 1 branch of the dungeon, and saw 1 of its levels.

You collected 5 gold pieces.

Inventory:

Hand Weapons
 a - a +0 falchion (weapon)
Armour
 b - a +0 robe (worn)
Potions
 c - a potion of ambrosia
 d - a potion of might {unknown}
 e - a potion of attraction {unknown}


   Skills:
 + Level 3.0 Fighting
 + Level 3.0 Long Blades
 + Level 0.2 Armour
 + Level 3.0 Dodging
 - Level 2.0 Stealth


You couldn't memorise any spells.
You didn't know any spells.
Your spell library contained the following spells:

 Spells                   Type           Power      Damage    Failure   Level
 Magic Dart               Conj           0%         1d3       36%         1
 Searing Ray              Conj           0%         2d4       50%         2
 Fulminant Prism          Conj/Hex       0%         3d6       98%         4
 Olgreb's Toxic Radiance  Pois           0%         N/A       98%         4
 Ozocubu's Refrigeration  Ice            0%         4d7       100%        7
 Ignition                 Fire           0%         3d3       100%        8


Dungeon Overview and Level Annotations

Branches:
Dungeon (1/15)

Altars:


Message History

You closely miss the quokka. The quokka bites you.
You slash the quokka!
You kill the quokka!
A kobold comes into view. It is wielding a +0 short sword.
The kobold shouts!
A kobold comes into view. It is wielding a +0 short sword.
The kobold shouts!
The kobold throws a stone.
The stone barely misses you. The kobold barely misses you.
The kobold hits you with a +0 short sword.
You closely miss the kobold. The kobold misses you.
You hit the kobold but do no damage. The kobold barely misses you.
You closely miss the kobold. The kobold closely misses you.
You hit the kobold but do no damage.
The kobold hits you with a +0 short sword.
The kobold closely misses you.
You see here a glowing cyan potion.
You closely miss the kobold. The kobold misses you.
You hit the kobold but do no damage. The kobold barely misses you.
The kobold attacks as you move away! The kobold closely misses you.
The kobold attacks as you move away! The kobold closely misses you.
You barely miss the kobold.
The kobold hits you with a +0 short sword. x2
You slash the kobold!
You kill the kobold!
You hit the kobold.
The kobold is moderately wounded.
The kobold hits you with a +0 short sword.
You hit the kobold.
The kobold is severely wounded.
The kobold hits you with a +0 short sword.
* * * LOW HITPOINT WARNING * * *
You miss the kobold.
The kobold is severely wounded.
The kobold hits you with a +0 short sword.
* * * LOW HITPOINT WARNING * * *
You hit the kobold but do no damage.
The kobold is severely wounded.
The kobold hits you with a +0 short sword.
You die...

#.# # #.# . #...... #.
#.# ## . #.....#..##.
#.# ... .#......
......... .. .#..#.#
#..##..#.##.## ......
.............# .#..#
#.#......#@# ..#
.†..#.#.#......#K##..###
..#.#..........#........
..#.# #..............###
....###............#.#
....##.............# #
.##................#
.##.#..........#####
...............#


You could see a kobold.

Vanquished Creatures
  A kobold (D:1)
  A quokka (D:1)
  2 rats (D:1)
4 creatures vanquished.

Notes
Turn   | Place    | Note
-------+----------+-------------------------------------------
     0 | D:1      | Thatpatchoflichen the Human Monk began the quest for the
                  | Orb.
     0 | D:1      | Reached XP level 1. HP: 18/18 MP: 1/1
   171 | D:1      | Slain by a kobold

Illustrated notes

Levels and vault maps discovered:
D:1:      scummos_arrival_hexagon, layout_basic, basic_ecumenical_altar,
          minivault_19

Action                   || total
-------------------------++-------
Melee: Falchion          ||    20
Dodge: Dodged            ||    14
